 Dungeon Sprint DCSS version 0.16-a0-4092-gb8933cd (console) character file.

1122 Monkaria the Severer (level 8, -19/127 HPs)
             Began as a Deep Dwarf Fighter on Feb 24, 2015.
             Was an Initiate of Makhleb.
             Demolished by Snorg (21 damage)
             ... in the Dungeon (Sprint III: "The Ten Rune Challenge").
             The game lasted 00:03:11 (499 turns).

Monkaria the Severer (Deep Dwarf Fighter)            Turns: 499, Time: 00:03:12

Health: -19/127    AC:  9    Str: 26    XL:     8   Next: 12%
Magic:  8/8        EV:  7    Int:  8    God:    Makhleb [......]
Gold:   37         SH: 10    Dex: 14    Spells: 0 memorised, 7 levels left

rFire  . . .     SeeInvis .     a - +0 war axe
rCold  . . .     Clarity  .     b - +0 scale mail
rNeg   . . .     SustAb   .     c - +0 shield
rPois  .         Gourm    .     (no helmet)
rElec  .         Spirit   .     m - +1 cloak {+Inv}
rCorr  .         Warding  .     (no gloves)
rMut   .         NoTele   +     (no boots)
MR     +....                    (no amulet)
Stlth  ..........               (no ring)
                                (no ring)

@: berserking, non-regenerating, very quick, somewhat resistant to hostile
enchantments, extremely unstealthy
A: damage resistance, recharge devices, sense surroundings 1, slow healing 3
a: Device Recharging, Renounce Religion, Evoke Invisibility


You were in the Dungeon.
You worshipped Makhleb.
Makhleb was noncommittal.
You were not hungry.

You visited 1 branch You collected 37 gold pieces.

Inventory:

Hand weapons
 a - a +0 war axe (weapon)
 n - a +2 long sword of holy wrath
Armour
 b - a +0 scale mail (worn)
 c - a +0 shield (worn)
 m - a +1 cloak of invisibility (worn)
Magical devices
 d - a wand of heal wounds (0)
 w - a wand of polymorph (14)
Scrolls
 l - a scroll of blinking
 o - a scroll of immolation
 q - 3 scrolls of remove curse
 u - a scroll of holy word {unknown}
Potions
 e - a potion of might
 g - a potion of curing
 h - a potion of heal wounds
 i - 2 potions of haste
 j - 2 potions of magic
 s - a potion of cure mutation
 t - 4 potions of flight
Books
 p - a book of Geomancy

   Spells                             Type                      Level
   a - Sandblast                      Earth                        1
   b - Stoneskin                      Transmutation/Earth          2
   c - Passwall                       Transmutation/Earth          3
   d - Stone Arrow                    Conjuration/Earth            3
   e - Petrify                        Transmutation/Earth          4
   f - Lee's Rapid Deconstruction     Earth                        5
Miscellaneous
 x - a phantom mirror
Comestibles
 f - a bread ration
 r - a royal jelly
 v - a meat ration


   Skills:
 - Level 9.0 Fighting
 * Level 15.8 Axes
 - Level 3.2 Armour
 - Level 3.2 Shields


You had 7 spell levels left.
You didn't know any spells.

Dungeon Overview and Level Annotations

Branches:
Dungeon (1/1)

Altars:
Cheibriados
Dithmenos
Elyvilon
Fedhas
Gozag
Kikubaaqudgha
Makhleb
Nemelex Xobeh
Okawaru
Qazlal
Ru
Sif Muna
Trog
Vehumet
Xom
Yredelemnul
Zin
The Shining One
Jiyva
Lugonu

Annotations:
D Snorg


Innate Abilities, Weirdness & Mutations

You are resistant to damage.
You can recharge devices by infusing magical energy.
You passively map a small area around you.
You do not heal naturally.


Message History

Snorg is moderately wounded.
You closely miss Snorg.
Snorg is moderately wounded.
Snorg bites you but does no damage. You block Snorg's attack. Snorg claws you!
* * * LOW HITPOINT WARNING * * *
You slash Snorg!
Snorg is moderately wounded.
You slash Snorg!
Snorg is heavily wounded.
Snorg goes berserk!
You slash Snorg!
Snorg is severely wounded.
You barely miss Snorg.
Snorg is severely wounded.
You block Snorg's attack. Snorg claws you but does no damage. Snorg claws you!
* * * LOW HITPOINT WARNING * * *
You slice Snorg!!
Snorg is almost dead.
Snorg bites you!!
You die...

##.############ *
#..#___#__[#__#
#..#...#...#._# ,
#..###'#)###'## ,
#..#.........)# , ,,
!..'.⌠........#, *
...#...######'# * **
** **
...#.⌠.#__#...#+#####
...#...#__#...#.@≈≈≈+,
,
...#'###__#...#.#T§§#
,
...#)).#__#...'.#§§§#
,
...#___#_.'...#.#...#,
▓▓▓▓▓▓▓▓▓▓▓▓▓▓▓▓▓▓▓▓▓
, ,, ≈≈≈ + ≈ ≈ ≈ ≈ , ,
* ** ** * *


You could see Snorg (berserk).

Vanquished Creatures
  A deep elf priest (D)
  A shadow (D)
  A spatial vortex (D)
  A necrophage (D)
  A water elemental (D)
  A jelly (D)
  Crazy Yiuf (D)
  A wizard (D)
  A necromancer (D)
  3 humans (D)
  Jessica (D)
  A kobold demonologist (D)
  A giant mite (D)
  An ooze (D)
  A rat (D)
17 creatures vanquished.

Vanquished Creatures (others)
  2 draconian scorchers (D)
2 creatures vanquished.

Grand Total: 19 creatures vanquished

Notes
Turn   | Place    | Note
--------------------------------------------------------------
     0 | D        | Monkaria, the Deep Dwarf Fighter, began the quest for the Orb.
     0 | D        | Reached XP level 1. HP: 20/20 MP: 1/1
    22 | D        | Noticed Jessica
    30 | D        | Killed Jessica
    30 | D        | Reached skill level 5 in Axes
    30 | D        | Reached XP level 2. HP: 27/30 MP: 2/2
    60 | D        | Reached skill level 6 in Axes
    60 | D        | Reached XP level 3. HP: 9/37 MP: 3/3
   227 | D        | Noticed Crazy Yiuf
   241 | D        | Killed Crazy Yiuf
   241 | D        | Reached skill level 7 in Axes
   241 | D        | Reached XP level 4. HP: 39/45 MP: 4/4
   266 | D        | Killed a white draconian scorcher
   283 | D        | Noticed a water elemental
   290 | D        | Killed a white draconian scorcher
   291 | D        | Killed a water elemental
   291 | D        | Reached skill level 5 in Fighting
   291 | D        | Reached skill level 9 in Axes
   299 | D        | Found a glowing silver altar of Zin.
   300 | D        | Found a glowing golden altar of the Shining One.
   300 | D        | Found a white marble altar of Elyvilon.
   300 | D        | Noticed a deep elf priest
   308 | D        | Killed a deep elf priest
   308 | D        | Reached skill level 12 in Axes
   308 | D        | Reached XP level 5. HP: 21/58 MP: 5/5
   308 | D        | Reached XP level 6. HP: 24/67 MP: 6/6
   327 | D        | Found an iron altar of Okawaru.
   327 | D        | Found a bloodstained altar of Trog.
   327 | D        | Noticed a human
   328 | D        | Noticed a human
   350 | D        | Killed a human
   350 | D        | Reached skill level 13 in Axes
   354 | D        | Killed a human
   354 | D        | Reached XP level 7. HP: 43/75 MP: 7/7
   380 | D        | Found a radiant altar of Vehumet.
   381 | D        | Found a deep blue altar of Sif Muna.
   381 | D        | Found an ancient bone altar of Kikubaaqudgha.
   381 | D        | Noticed a wizard
   384 | D        | Killed a wizard
   386 | D        | Reached skill level 14 in Axes
   407 | D        | Found a basalt altar of Yredelemnul.
   407 | D        | Found a snail-covered altar of Cheibriados.
   407 | D        | Found a blossoming altar of Fedhas.
   407 | D        | Noticed a necrophage
   407 | D        | Noticed a necromancer
   410 | D        | Killed a necrophage
   411 | D        | Killed a necromancer
   422 | D        | Noticed a jelly
   423 | D        | Noticed a shadow
   431 | D        | Killed a jelly
   434 | D        | Killed a shadow
   434 | D        | Reached skill level 15 in Axes
   434 | D        | Reached XP level 8. HP: 40/85 MP: 8/8
   438 | D        | Found a stormy altar of Qazlal.
   439 | D        | Found a sacrificial altar of Ru.
   439 | D        | Found a burning altar of Makhleb.
   439 | D        | Found a viscous altar of Jiyva.
   439 | D        | Found a shimmering altar of Xom.
   439 | D        | Found a shadowy altar of Dithmenos.
   439 | D        | Found a sparkling altar of Nemelex Xobeh.
   439 | D        | Found a corrupted altar of Lugonu.
   439 | D        | Found an opulent altar of Gozag.
   439 | D        | Noticed a spatial vortex
   453 | D        | Killed a spatial vortex
   469 | D        | Became a worshipper of Makhleb the Destroyer
   483 | D        | Noticed Snorg
   498 | D        | HP: 2/127 [Snorg (9)]
   499 | D        | Demolished by Snorg

Action                   |  1- 3 |  4- 6 |  7- 9 || total
-------------------------+-------+-------+-------++-------
Melee: War axe           |    35 |    39 |    39 ||   113
Evoke: Wand              |     1 |     2 |     2 ||     5
  Use: Scroll            |       |     3 |       ||     3
       Potion            |       |       |     1 ||     1
 Stab: Invisible         |     1 |       |       ||     1
